 Dungeon Crawl Stone Soup version 0.21.1-1-g345015f (webtiles) character file.

1596 Gadfly the Conjurer (level 8, -1/66 HPs)
             Began as a Purple Draconian Conjurer on July 4, 2018.
             Was a Believer of Vehumet.
             Slain by a black bear (6 damage)
             ... on level 6 of the Dungeon on July 5, 2018.
             The game lasted 00:18:19 (9536 turns).

Gadfly the Conjurer (Purple Draconian Conjurer)     Turns: 9536, Time: 00:18:19

Health: -1/66      AC:  6    Str: 11    XL:     8   Next: 62%
Magic:  12/17      EV: 13    Int: 18    God:    Vehumet [**....]
Gold:   495        SH:  0    Dex: 11    Spells: 11/19 levels left

rFire    . . .     SeeInvis .   r - +2 flail (crush)
rCold    + . .     Gourm    .   (no shield)
rNeg     . . .     Faith    .   (armour unavailable)
rPois    .         Spirit   .   (helmet restricted)
rElec    .         Reflect  .   (no cloak)
rCorr    .         Harm     .   (no gloves)
MR       +....                  (no boots)
Stlth    ++........             (no amulet)
HPRegen  0.21/turn              l - ring of protection from cold
MPRegen  0.15/turn              d - ring of flight

@: very slightly contaminated, invisible
A: breathe power, unfitting armour, cold-blooded, AC +6
a: Breathe Dispelling Energy, Renounce Religion, Evoke Flight


You were on level 6 of the Dungeon.
You worshipped Vehumet.
Vehumet was pleased with you.
You were not hungry.

You visited 2 branches of the dungeon, and saw 8 of its levels.

You collected 495 gold pieces.

Inventory:

Hand Weapons
 h - a +3 dagger of flaming
 r - a +2 flail of crushing (weapon)
Missiles
 j - 4 poisoned tomahawks (quivered)
 o - 76 stones
Jewellery
 d - a ring of flight (right hand)
 l - a ring of protection from cold (left hand)
 n - an uncursed ring of stealth
Wands
 m - a wand of polymorph (13)
 s - a wand of digging (14)
Scrolls
 c - 5 scrolls of remove curse
 e - 6 scrolls of identify
 f - 3 scrolls of enchant weapon
 g - 2 scrolls of enchant armour
Potions
 i - 2 potions of agility
 k - 2 potions of curing
Books
 a - a book of Conjurations

   Spells                             Type                      Level
   a - Magic Dart                     Conjuration                  1
   b - Searing Ray                    Conjuration                  2
   c - Dazzling Spray                 Conjuration/Hexes            3
   d - Fulminant Prism                Conjuration/Hexes            4
   e - Force Lance                    Conjuration/Translocation    4
   f - Iskenderun's Mystic Blast      Conjuration                  4
Comestibles
 b - 11 rations


   Skills:
 + Level 4.1 Fighting
 + Level 4.1 Dodging
 - Level 1.7 Stealth
 + Level 6.1 Spellcasting
 + Level 6.5 Conjurations
 * Level 3.9 Earth Magic
 + Level 3.9 Evocations


You had 11 spell levels left.
You knew the following spells:

 Your Spells              Type           Power        Failure   Level  Hunger
a - Magic Dart            Conj           ####         1%          1    None
b - Searing Ray           Conj           ####..       1%          2    None
c - Iskenderun's Mystic   Conj           ####....     8%          4    ####...
d - Sandblast             Erth           ###...       2%          1    None


Dungeon Overview and Level Annotations

Branches:
Dungeon (7/15)             Temple (1/1) D:4

Altars:
Ashenzari
Cheibriados
Dithmenos
Elyvilon
Fedhas
Gozag
Hepliaklqana
Kikubaaqudgha
Makhleb
Nemelex Xobeh
Okawaru
Qazlal
Sif Muna
Trog
Uskayaw
Vehumet
Wu Jian
Xom
Yredelemnul
Zin
The Shining One


Innate Abilities, Weirdness & Mutations

You can breathe bolts of dispelling energy.
Your rich purple scales are hard. (AC +6)
You cannot fit into any form of body armour.
You are cold-blooded and may be slowed by cold attacks.


Message History

The black bear bites you but does no damage.
The black bear claws you but does no damage. x2
The black bear barely misses you.
The black bear claws you but does no damage.
The black bear misses you.
It was a potion of invisibility.
You fade into invisibility!
The black bear barely misses you. The black bear completely misses you.
The black bear closely misses you.
You are very lightly contaminated with residual magic.
The black bear closely misses you. x2; The black bear barely misses you.
Casting: Magic Dart
Confirm with . or Enter, or press ? or * to list all spells.
Aiming: Magic Dart
Press: ? - help, Shift-Dir - straight line, f/p - black bear
Aim: a black bear (severely wounded, berserk, fast, unusually strong)
The magic dart hits the black bear.
The black bear is severely wounded.
The black bear misses you. The black bear claws you.
You die...

######.........######
#.......#.#.#........ ######
#....##..............
#....###.##.##.#.#.#........
######.##.##..##..#..............
........#.####..######...#.......
####...>....##.>##...............
#..#..........##h...)............
#..#.[..#.###.##@#####...##......
#.<.....#.# ###.......#####......
######..#.#####.......# #......
..............'.[.....# #......
#######.......#.......# #......
#.'.......#.......# #......
#.#.......####.#### #......
#.##.........#.########......
#.##.#######.#............##.


You could see a black bear (berserk).

Vanquished Creatures
  A sky beast (D:6)
  An orc warrior (D:6)
  A phantom (D:5)
  3 ogres
  2 big kobolds
  2 bullfrogs
  A scorpion (D:6)
  3 crimson imps (D:6)
  A bullfrog zombie (D:7)
  3 orc priests
  A centaur skeleton (D:5)
  An orc wizard (D:6)
  A bullfrog skeleton (D:4)
  A gnoll shaman (D:5)
  4 worker ants
  A hound zombie (D:6)
  A hound skeleton (D:6)
  3 gnolls (D:5)
  9 adders
  A river rat (D:6)
  A shadow imp (D:6)
  2 oozes
  2 worms
  2 dart slugs (D:1)
  5 leopard geckos
  12 orcs
  2 ball pythons
  11 bats
  5 giant cockroaches
  8 goblins
  12 hobgoblins
  5 jackals
  4 quokkas
  7 frilled lizards
  27 kobolds
  A quokka skeleton (D:6)
  13 rats
  2 plants (D:4)
162 creatures vanquished.

Notes
Turn   | Place    | Note
-------+----------+-------------------------------------------
     0 | D:1      | Gadfly the Draconian Conjurer began the quest for the Orb.
     0 | D:1      | Reached XP level 1. HP: 14/14 MP: 3/3
   191 | D:1      | Reached XP level 2. HP: 21/22 MP: 0/5
   195 | D:1      | Learned a level 2 spell: Searing Ray
   336 | D:1      | You fall through a shaft!
   431 | D:2      | Reached XP level 3. HP: 18/27 MP: 2/6
   630 | D:2      | Reached skill level 1 in Fighting
   653 | D:2      | Found a bloodstained altar of Trog.
   864 | D:2      | Found a shadowy altar of Dithmenos.
  1093 | D:2      | Reached XP level 4. HP: 32/35 MP: 8/8
  1143 | D:2      | Learned a level 4 spell: Iskenderun's Mystic Blast
  2704 | D:3      | Found a bloodstained altar of Trog.
  3037 | D:3      | Reached XP level 5. HP: 28/40 MP: 9/9
  3933 | D:4      | Reached skill level 5 in Conjurations
  4424 | D:4      | Found a staircase to the Ecumenical Temple.
  4450 | D:4      | Reached skill level 1 in Evocations
  4643 | Temple   | Entered the Ecumenical Temple
  4702 | Temple   | Became a worshipper of Vehumet
  4847 | D:4      | Reached XP level 6. HP: 46/48 MP: 4/11
  5637 | D:4      | Reached * piety under Vehumet
  5637 | D:4      | Offered knowledge of Sandblast by Vehumet.
  6406 | D:5      | Entered Level 5 of the Dungeon
  6413 | D:5      | Found an iron altar of Okawaru.
  6593 | D:5      | Your scales start taking on a rich purple colour.
  6593 | D:5      | Reached skill level 5 in Spellcasting
  6593 | D:5      | Reached XP level 7. HP: 15/56 MP: 14/14
  6613 | D:5      | HP: 2/56 [poisoned by a worker ant]
  6620 | D:5      | HP: 2/56 [poisoned by a worker ant]
  6628 | D:5      | HP: 1/56 [poisoned by a worker ant]
  6971 | D:5      | Learned a level 1 spell: Sandblast
  7330 | D:5      | Found a white marble altar of Elyvilon.
  7686 | D:5      | Reached skill level 1 in Earth Magic
  8556 | D:6      | Reached XP level 8. HP: 63/63 MP: 11/16
  8731 | D:6      | Found an opulent altar of Gozag.
  8781 | D:6      | Offered knowledge of Freeze by Vehumet.
  8792 | D:6      | Reached ** piety under Vehumet
  9531 | D:6      | HP: 3/66 [black bear (4)]
  9531 | D:6      | HP: 1/66 [black bear (2)]
  9536 | D:6      | Slain by a black bear

Skill      XL: |  1  2  3  4  5  6  7  8 |
---------------+-------------------------+-----
Dodging        | 2 3 4 |  4.1
Fighting       | 1 2 3 4 |  4.1
Spellcasting   | 3 5 6 |  6.1
Conjurations   | 5 6 |  6.5
Evocations     | 1 2 3 |  3.9
Earth Magic    | 2 3 |  3.9
Stealth        | |  1.7

Action                   |  1- 3 |  4- 6 |  7- 9 || total
-------------------------+-------+-------+-------++-------
Melee: Spear             |    15 |       |       ||    15
       Dagger            |    24 |   317 |    18 ||   359
       Tailslap          |     1 |    35 |    11 ||    47
       Halberd           |       |       |    59 ||    59
       Flail             |       |       |    66 ||    66
 Cast: Magic Dart        |    32 |     6 |    30 ||    68
       Searing Ray       |       |     9 |    15 ||    24
       Iskenderun's Myst |       |     2 |     4 ||     6
       Sandblast         |       |       |     3 ||     3
  Use: Scroll            |       |     7 |     1 ||     8
       Potion            |       |     4 |     3 ||     7
 Stab: Sleeping          |     4 |     6 |     2 ||    12
  Eat: Chunk             |     1 |    15 |    10 ||    26
       Ration            |       |     1 |       ||     1
Armor: Skin              |    11 |   104 |    62 ||   177
Dodge: Dodged            |    22 |   243 |   159 ||   424
